Map: Dusk Towers

Players

Vincent

  • Race: Zerg Zerg
  • League: Grandmaster

LiquidMaNa (MaNa) - Winner!

  • Race: Protoss Protoss
  • League: Master

Event: DreamHack ZOWIE Open Leipzig

VOD

Have the link to the VOD?

Description

Time

  • Played on: Jan. 22, 2016, 8:21 a.m.
  • Length: 8:32

All games in this series

Show
View Real Time Build Order
Export as new Build Order

Vincent Zerg 

Build Orders: Hatch First, Lurkers 

Get SALT Encoding   

  12  0:00  Drone  
  13  0:13  Overlord  
  13  0:17  Drone  
  14  0:32  Drone x2  
  14  0:35  Drone  
  17  0:52  Hatchery  
  17  0:55  Drone  
  17  0:58  Drone  
  18  1:10  Extractor  
  17  1:14  Spawning Pool  
  17  1:16  Drone  
  17  1:24  Drone  
  18  1:36  Drone  
  19  1:41  Overlord  
  19  1:50  Drone  
  20  2:04  Hatchery  
  20  2:06  Queen  
  21  2:10  Zergling x2  
  21  2:14  Drone  
  23  2:22  Queen  
  25  2:25  Drone  
  25  2:28  Drone  
  27  2:34  Drone x2  
  29  2:38  Metabolic Boost  
  29  2:43  Overlord  
  29  2:46  Drone  
  29  2:48  Drone  
  31  2:52  Drone  
  31  2:56  Drone  
  31  2:58  Drone  
  34  3:03  Queen  
  34  3:05  Zergling x2  
  37  3:09  Zergling x2  
  37  3:15  Zergling x6  
  40  3:22  Overlord  
  40  3:26  Drone x2  
  42  3:29  Drone x2  
  42  3:30  Drone  
  45  3:35  Drone x3  
  49  3:41  Drone x2  
  49  3:46  Overlord  
  50  3:52  Overlord  
  50  3:58  Drone x5  
  55  4:03  Spore Crawler x2  
  55  4:04  Spore Crawler  
  55  4:07  Drone x3  
  55  4:08  Drone x2  
  57  4:12  Drone  
  57  4:14  Queen  
  60  4:22  Overlord  
  60  4:28  Drone x8  
  68  4:34  Lair  
  68  4:37  Overlord  
  68  4:40  Drone x2, Extractor x2  
  68  4:49  Extractor x2  
  68  4:51  Extractor  
  65  4:53  Overlord  
  65  5:03  Drone  
  65  5:04  Drone x9  
  74  5:10  Evolution Chamber x2  
  74  5:11  Baneling Nest  
  71  5:20  Drone  
  69  5:26  Drone x10  
  79  5:36  Hydralisk Den  
  79  5:37  Hatchery  
  79  5:38  Zerg Missile Weapons Level 1  
  79  5:39  Zerg Melee Weapons Level 1  
  79  5:40  Drone  
  79  5:42  Overlord  
  78  5:44  Zergling x8  
  78  5:46  Zergling x2  
  83  5:50  Zergling x2  
  83  5:51  Zergling x2  
  81  6:00  Zergling x2, Baneling x3  
  81  6:01  Zergling x16  
  80  6:12  Overlord  
  80  6:13  Drone x3  
  80  6:15  Queen  
  80  6:17  Lurker Den  
  78  6:23  Drone  
  78  6:24  Drone x2  
  77  6:30  Overseer  
  77  6:33  Drone  
  77  6:34  Drone  
  77  6:39  Drone x2  
  81  6:42  Centrifical Hooks  
  81  6:48  Overlord  
  81  6:49  Drone x6  
  81  6:50  Hydralisk x3  
  93  7:04  Drone x3  
  93  7:06  Hydralisk x3  
  102  7:14  Overseer  
  102  7:15  Hydralisk x2  
  104  7:25  Hydralisk x2, Zergling x2  
  104  7:26  Zergling x4  
  108  7:30  Hydralisk  
  108  7:31  Zergling x12  
  108  7:32  Zergling x4  
  113  7:44  Overlord x4  
  102  7:53  Baneling x4  
  102  7:55  Lurker x5  
  103  8:01  Drone x2  
  103  8:03  Lurker  
  103  8:04  Lurker  
  103  8:05  Baneling  
  107  8:06  Hydralisk, Zergling x2  
  107  8:07  Zergling x8  
Show
View Real Time Build Order
Export as new Build Order

LiquidMaNa Protoss - Winner!

Build Orders: Nexus First, Zealot Archon 

Get SALT Encoding   

  12  0:01  Probe (Chrono Boost)  
  13  0:11  Probe (Chrono Boost)  
  14  0:19  Pylon  
  14  0:22  Probe (Chrono Boost)  
  15  0:37  Probe (Chrono Boost)  
  16  0:48  Probe (Chrono Boost)  
  17  1:00  Nexus  
  17  1:03  Probe (Chrono Boost)  
  18  1:13  Gateway  
  18  1:16  Probe (Chrono Boost)  
  19  1:26  Assimilator  
  19  1:27  Probe (Chrono Boost)  
  20  1:35  Assimilator  
  20  1:37  Pylon  
  20  1:40  Probe (Chrono Boost)  
  21  1:50  Gateway  
  21  1:53  Probe (Chrono Boost)  
  22  2:01  Cybernetics Core  
  22  2:04  Probe (Chrono Boost)  
  23  2:13  Probe (Chrono Boost)  
  23  2:14  Probe (Chrono Boost)  
  25  2:23  Probe (Chrono Boost)  
  25  2:25  Probe (Chrono Boost)  
  27  2:33  Probe (Chrono Boost)  
  27  2:35  Probe (Chrono Boost)  
  29  2:37  Adept (Chrono Boost)  
  29  2:38  Adept (Chrono Boost)  
  29  2:39  Warp Gate  
  33  2:45  Pylon  
  33  2:46  Probe  
  33  2:50  Probe (Chrono Boost)  
  34  2:57  Stalker (Chrono Boost)  
  34  2:59  Probe (Chrono Boost)  
  34  3:03  Probe (Chrono Boost)  
  40  3:09  Probe (Chrono Boost)  
  39  3:15  Stargate  
  39  3:19  Mothership Core (Chrono Boost)  
  41  3:23  Probe (Chrono Boost)  
  43  3:34  Probe (Chrono Boost)  
  43  3:38  Probe (Chrono Boost)  
  46  3:42  Nexus  
  46  3:45  Probe (Chrono Boost)  
  46  3:47  Pylon  
  46  3:48  Probe (Chrono Boost)  
  46  3:56  Pylon, Assimilator  
  46  4:01  Oracle (Chrono Boost)  
  46  4:05  Sentry  
  46  4:06  Pylon  
  46  4:07  Probe (Chrono Boost)  
  46  4:08  Probe (Chrono Boost)  
  53  4:18  Probe (Chrono Boost)  
  53  4:21  Probe (Chrono Boost)  
  55  4:25  Assimilator  
  55  4:29  Probe (Chrono Boost)  
  55  4:30  Robotics Facility  
  56  4:33  Probe (Chrono Boost)  
  56  4:35  Forge  
  57  4:39  Probe (Chrono Boost)  
  57  4:43  Probe (Chrono Boost)  
  57  4:44  Adept x2  
  63  4:50  Probe (Chrono Boost)  
  64  4:54  Probe (Chrono Boost)  
  64  4:56  Probe (Chrono Boost)  
  64  4:58  Protoss Ground Weapons Level 1 (Chrono Boost)  
  66  5:01  Probe (Chrono Boost)  
  66  5:04  Probe (Chrono Boost)  
  66  5:06  Probe (Chrono Boost)  
  69  5:11  Probe (Chrono Boost)  
  70  5:15  Probe (Chrono Boost)  
  70  5:20  Adept x2  
  75  5:22  Warp Prism (Chrono Boost)  
  75  5:23  Gateway  
  75  5:25  Probe x2 (Chrono Boost)  
  75  5:26  Probe (Chrono Boost)  
  80  5:28  Twilight Council  
  80  5:34  Gateway  
  80  5:36  Pylon  
  80  5:38  Pylon  
  80  5:39  Probe (Chrono Boost)  
  80  5:40  Probe x2 (Chrono Boost)  
  83  5:48  Pylon x2  
  83  5:49  Pylon  
  83  5:51  Probe  
  84  5:57  Observer (Chrono Boost)  
  84  5:59  Probe  
  84  6:02  Probe  
  87  6:09  Probe  
  86  6:13  Probe  
  86  6:14  Templar Archives, Probe  
  86  6:20  Assimilator  
  86  6:21  Immortal (Chrono Boost), Zealot x2  
  86  6:22  Probe, Assimilator  
  87  6:30  Zealot  
  89  6:40  Gateway x2  
  89  6:41  Zealot  
  89  6:43  Gateway  
  89  6:44  Gateway  
  91  6:48  Stalker  
  91  6:49  Stalker  
  91  6:51  Gateway  
  91  6:53  Gateway x2  
  95  6:55  Immortal (Chrono Boost)  
  95  6:57  Gateway x2  
  99  7:03  Sentry x2  
  103  7:13  Zealot  
  103  7:14  Zealot  
  107  7:23  Probe  
  107  7:28  Immortal  
  110  7:42  High Templar x2  
  110  7:43  High Templar x2  
  118  7:45  Zealot x3  
  118  7:47  Archon x2  
  124  7:59  Pylon  
  124  8:00  Pylon  
  124  8:02  Pylon  
  124  8:03  Pylon  
  122  8:15  Zealot x4  
  122  8:19  Zealot x3  
  130  8:20  Zealot x6  

Tags
 
Add a new tag
Caveats
  • Supply blocks, unpowered buildings, or Contaminate may cause inaccurate times.
  • Supply counts are checked every 10 seconds.